 Dungeon Crawl Stone Soup version 0.29-a0-598-gd8304a5bf4 (webtiles) character file.

Game seed: 4119815038498510404

16 testman the Covered (level 2, -2/26 HPs)
             Began as a Meteoran Fighter on June 15, 2022.
             Was an Initiate of Hepliaklqana.
             Slain by Natasha (4 damage)
             ... on level 3 of the Dungeon.
             The game lasted 00:02:23 (526 turns).

testman the Covered (Meteoran Fighter)               Turns: 526, Time: 00:02:23

Health: -2/26      AC:  8    Str: 17    XL:     2   Next: 94%
Magic:  3/3        EV:  9    Int:  9    God:    Hepliaklqana [......]
Gold:   100        SH:  5    Dex: 13    Spells: 1/1 levels left

rFire   . . .      SeeInvis .   a - +0 war axe
rCold   . . .      Faith    .   c - +0 buckler
rNeg    . . .      Spirit   .   b - +0 scale mail
rPois   .          Reflect  .   (no helmet)
rElec   .          Harm     .   h - +0 cloak
rCorr   .          Rampage  .   (no gloves)
Will    .....                   (no boots)
Stlth   ..........              (no amulet)
HPRegen 0.08/turn               (no ring)
MPRegen 0.08/turn               (no ring)

@: brilliant, slowed, glowing, very slow
A: sense surroundings 1, otherworldly, glowing, explore regen
a: Renounce Religion


You were on level 3 of the Dungeon.
You worshipped Hepliaklqana.
Hepliaklqana was noncommittal.
You visited 1 branch of the dungeon, and saw 3 of its levels.

You collected 100 gold pieces.

Inventory:

Hand Weapons
 a - a +0 war axe (weapon)
Armour
 b - a +0 scale mail (worn)
 c - a +0 buckler (worn)
 h - a +0 cloak (worn)
Jewellery
 m - a +6 ring of dexterity
Scrolls
 i - a scroll of fear {unknown}
 k - a scroll of fog {unknown}
 l - a scroll of teleportation {unknown}
Potions
 d - a potion of might
 e - a potion of attraction
 g - a potion of brilliance


   Skills:
 + Level 3.5 Fighting
 + Level 2.8 Axes
 + Level 3.9 Armour
 + Level 3.9 Shields


You had one spell level left.
You didn't know any spells.
Your spell library contained the following spells:

 Spells                   Type           Power      Damage    Failure   Level
 Call Canine Familiar     Summ           0%         N/A       99%         3
 Portal Projectile        Hex/Tloc       0%         N/A       99%         3
 Leda's Liquefaction      Hex/Erth       0%         N/A       100%        4


Dungeon Overview and Level Annotations

Branches:
Dungeon (3/15) Zot: 1244

Altars:
Hepliaklqana

Annotations:
D:3 Natasha


Innate Abilities, Weirdness & Mutations

You passively map a small area around you.
You are easily found by Zot.
You glow in the dark.
You regain HP and MP as you explore.


Message History

Natasha barely misses you. The iron imp hits you. You block Natasha's attack.
You slash Natasha!
Natasha is severely wounded.
You hit the iron imp but do no damage. Natasha closely misses you.
The iron imp misses you.
Natasha mumbles some strange words.
The iron imp hits you.
The crimson imp is attracted toward you.
You closely miss Natasha.
Natasha is severely wounded.
You closely miss the iron imp. Natasha claws you but does no damage.
The crimson imp blinks!
The iron imp shouts, "Run away, thou quaking kobold-kissing mish-mash!"
The iron imp hits you. Natasha claws you.
* * * LOW HITPOINT WARNING * * *
You hit Natasha but do no damage.
Natasha is severely wounded.
You hit the iron imp.
The white imp disappears in a puff of smoke!
The iron imp disappears in a puff of smoke!
Natasha closely misses you.
Natasha mumbles some strange words.
Natasha's front paws start to glow.
Natasha casts a spell at you.
You feel as though you will be slow longer.
The crimson imp is attracted toward you.
You feel less attractive to monsters.
You barely miss Natasha.
Natasha is severely wounded.
Natasha claws you but does no damage.
Natasha stares at you and mumbles some strange words.
You resist with significant effort.
You barely miss Natasha.
Natasha is severely wounded.
You miss the crimson imp. Natasha claws you but does no damage.
You block the crimson imp's attack. Natasha barely misses you.
The crimson imp shouts, "Quail, thou fulsome beef-witted ratsbane!"
The crimson imp hits you but does no damage.
Natasha claws you.
You die...

* ###........######.#
,* #...............#
#.###.........#######
#.............#
#.####.#.###.## *
#.##...## ###.######
*#.....5.## ,
#....@h..# ,
*#.#.###..# , * ,
###.. ,...., , #..
,#... ,, ... , ## * ,
#..., , * * , ,, #. *
* * * ,


You could see Natasha and a crimson imp (summoned).

Vanquished Creatures
  A worm (D:2)
  2 dart slugs (D:1)
  A bat (D:3)
  An endoplasm (D:1)
  2 giant cockroaches (D:1)
  2 rats (D:1)
9 creatures vanquished.

Notes
Turn   | Place    | Note
-------+----------+-------------------------------------------
     0 | D:1      | testman the Meteoran Fighter began the quest for the Orb.
     0 | D:1      | Reached XP level 1. HP: 19/19 MP: 2/2
    53 | D:1      | Reached XP level 2. HP: 23/26 MP: 3/3
   350 | D:2      | Found a hazy altar of Hepliaklqana.
   356 | D:2      | Became a worshipper of Hepliaklqana the Forgotten
   500 | D:3      | Noticed Natasha
   523 | D:3      | Noticed a crimson imp
   526 | D:3      | Slain by Natasha

Illustrated notes

Levels and vault maps discovered:
D:1:      lightli_arrival_quake, layout_basic, palyth_stone_intersect
D:2:      layout_loops_ring, chequers_ecumenical_altar_island, basic_altar
D:3:      minmay_spotlight, layout_loops_corners, uniq_natasha

Action                   || total
-------------------------++-------
Melee: War axe           ||    50
  Use: Potion            ||     4
Armor: Scale mail        ||    30
Dodge: Dodged            ||    25
Block: Buckler           ||    16

Table legend: (Time is in decaauts)
 A = Elapsed time spent in this place.
 B = Non-inter-level travel time spent in this place.
 C = Inter-level travel time spent in this place.
 D = Time resting spent in this place.
 E = Time spent auto-exploring this place.
 F = Levels seen in this place.
 G = Mean time per level.
                   A        B        C        D        E       F      G
               +--------+--------+--------+--------+--------+-----+--------+
         Total |    553 |    491 |     62 |      0 |    295 |   3 |  184.3 |
       Dungeon |    553 |    491 |     62 |      0 |    295 |   3 |  184.3 |
               +--------+--------+--------+--------+--------+-----+--------+

Top non-repeatable levels by time:
     D:2: 258 daAuts
     D:3: 158 daAuts
     D:1: 136 daAuts
